 Dungeon Crawl Stone Soup version 0.25.1-8-g42b30a86e7 (webtiles) character file.

Game seed: 2639102216195130457

160 Destapler the Skirmisher (level 5, -2/88 HPs)
             Began as an Ogre Berserker on Dec 28, 2020.
             Was a Believer of Trog.
             Slain by an orc
             ... wielding a +0 hand axe
              (6 damage)
             ... on level 3 of the Dungeon.
             The game lasted 00:03:23 (2689 turns).

Destapler the Skirmisher (Ogre Berserker)           Turns: 2689, Time: 00:03:23

Health: -2/88      AC:  3    Str: 22    XL:     5   Next: 41%
Magic:  5/5        EV: 11    Int:  8    God:    Trog [**....]
Gold:   90         SH:  0    Dex:  8    Spells: 4/4 levels left

rFire    . . .     SeeInvis .   a - +0 mace
rCold    . . .     Gourm    .   (no shield)
rNeg     . . .     Faith    .   b - +0 animal skin
rPois    .         Spirit   .   (helmet restricted)
rElec    .         Reflect  .   (no cloak)
rCorr    .         Harm     .   (gloves unavailable)
MR       .....                  (boots unavailable)
Stlth    ..........             (no amulet)
HPRegen  0.24/turn              (no ring)
MPRegen  0.09/turn              (no ring)

@: berserking, very quick
A: large, unfitting armour, tough skin 1
a: Berserk, Trog's Hand, Renounce Religion


You were on level 3 of the Dungeon.
You worshipped Trog.
Trog was pleased with you.
You were very hungry.

You visited 1 branch of the dungeon, and saw 3 of its levels.

You collected 90 gold pieces.

Inventory:

Hand Weapons
 a - a +0 mace (weapon)
Missiles
 g - 14 boomerangs (quivered)
 r - 18 poisoned darts
 s - 7 boomerangs of dispersal
Armour
 b - a +0 animal skin (worn)
Scrolls
 e - a scroll of identify {unknown}
 f - 2 scrolls of noise {unknown}
 h - a scroll of enchant weapon {unknown}
 i - 2 scrolls of remove curse {unknown}
 l - 2 scrolls of enchant armour {unknown}
 m - 3 scrolls of teleportation {unknown}
 p - a scroll of blinking {unknown}
 q - a scroll of amnesia {unknown}
Potions
 d - a potion of invisibility {unknown}
 j - a potion of stabbing {unknown}
 k - a potion of heal wounds {unknown}
 n - a potion of curing {unknown}
Comestibles
 c - 4 rations
 o - a chunk of flesh


   Skills:
 + Level 6.1 Fighting
 - Level 2.9 Maces & Flails
 + Level 4.2 Dodging


You had 4 spell levels left.
You didn't know any spells.
Your spell library was empty.

Dungeon Overview and Level Annotations

Branches:
Dungeon (3/15)

Altars:
Makhleb


Innate Abilities, Weirdness & Mutations

You are too large for most types of armour.
You have tough skin. (AC +1)


Message History

You feel yourself moving faster!
You feel mighty!
You are feeling very hungry.
The orc closely misses you. The orc hits you with a +0 hand axe.
* * * LOW HITPOINT WARNING * * *
The kobold completely misses you.
The orc priest looks satisfied for a moment.
You bludgeon the orc priest!!
You kill the orc priest!
Trog accepts your kill.
Your Fighting skill increases to level 6!
The orc misses you. The orc hits you with a +0 hand axe.
* * * LOW HITPOINT WARNING * * *
You hit the orc but do no damage.
Your skin stops crawling.
You feel less resistant to hostile enchantments.
The kobold hits you but does no damage.
You hit the orc.
The orc is heavily wounded.
The orc misses you. The orc hits you with a +0 hand axe.
You die...

#.# #.# #.# #.#
#.# #.# #.# #.#
...##.# #.# ...
..# #.# ..
#.###.###.#.
#.###.#)........#
..<.....#.###.#.#
#...$..oKo###...
#......o@......$
#####.....%.....
#.########.# ...
#.### #


You could see 3 orcs and a kobold.

Vanquished Creatures
  A hound (D:2)
  An orc priest (D:3)
  4 adders (D:2)
  An ooze (D:2)
  2 worms
  2 dart slugs (D:1)
  2 leopard geckos (D:2)
  An orc (D:3)
  2 ball pythons
  A giant cockroach (D:1)
  7 goblins
  6 hobgoblins
  4 jackals
  5 bats
  2 frilled lizards
  5 kobolds
  7 rats
53 creatures vanquished.

Notes
Turn   | Place    | Note
-------+----------+-------------------------------------------
     0 | D:1      | Destapler the Ogre Berserker began the quest for the Orb.
     0 | D:1      | Reached XP level 1. HP: 24/24 MP: 1/1
   203 | D:1      | Reached XP level 2. HP: 30/32 MP: 2/2
   832 | D:1      | Reached XP level 3. HP: 37/40 MP: 3/3
  1200 | D:2      | Reached ** piety under Trog
  1423 | D:2      | Reached skill level 5 in Fighting
  1521 | D:2      | Reached XP level 4. HP: 48/50 MP: 4/4
  2300 | D:2      | Reached XP level 5. HP: 33/59 MP: 5/5
  2436 | D:2      | Found a burning altar of Makhleb.
  2687 | D:3      | Reached skill level 6 in Fighting
  2687 | D:3      | HP: 4/88 [orc/+0 hand axe (5)]
  2689 | D:3      | Slain by an orc

Illustrated notes

Levels and vault maps discovered:
D:1:      minmay_arrival_radiant_lines, layout_rooms
D:2:      layout_basic, makhleb_blood_cavern_becter
D:3:      layout_loops_ring, gammafunk_temple_overflow_statue,
          nemelex_xobeh_ov_fountains_minmay, first_ration, uniq_terence

Skill      XL: |  1  2  3  4  5 |
---------------+----------------+-----
Dodging        | 3 4 |  4.2
Fighting       | 5 6 |  6.1
Maces & Flails | |  2.9

Action                   |  1- 3 |  4- 6 || total
-------------------------+-------+-------++-------
Melee: Mace              |   111 |    71 ||   182
Throw: Boomerang         |       |     5 ||     5
Invok: Berserk           |       |     2 ||     2
       Trog's Hand       |       |     1 ||     1
  Eat: Chunk             |     2 |     5 ||     7
Armor: Animal skin       |    25 |    17 ||    42
Dodge: Dodged            |    82 |    54 ||   136
